AoeStats
← 17_Neo_

Arena

508994444Analyzed
2v2 RM · 8d ago on Sep 25, 2026· 49m 23s· 4 players
Game mode
Random Map
Map size
Medium (4 player)
Population
200
Speed
Normal
Resources
Standard
Victory
Conquest
Starting age
Dark Age
Ending age
Imperial Age
RankedLock teamsTeams togetherTeam positionsShared explorationLock speedFull tech treeHidden civsTurbo modeCheats
Victory
Defeat
🇨🇴 Mongols · Colombia
1360
+15
🇨🇴 Teutons · Colombia
1347
+15
🇨🇱 Khmer · Chile
1346
-15
🇨🇱 Ethiopians · Chile
1326
-15
Agron
11:14 Feudal Age
15:24 Castle Age
13:25 Double-Bit Axe
14:03 Horse Collar
15:51 Gold Mining
15:30 Crossbowman
18:01 Fletching
22:38 Ballistics
22:20 Padded Archer Armor
25:50 Loom
26:41 Wheelbarrow
28:00 Heavy Plow
29:33 Bow Saw
30:35 Bodkin Arrow
35:13 Imperial Age
34:27 Leather Archer Armor
35:09 Thumb Ring
35:23 Arbalester
36:04 Bracer
37:24 Chemistry
36:55 Ring Archer Armor
36:42 Squires
36:44 Scale Mail Armor
39:02 Forging
39:08 Chain Mail Armor
38:51 Halberdier
40:55 Elite Skirmisher
44:18 Elite Skirmisher
47:14 Iron Casting
47:11 Plate Mail Armor
Crixus Murmillo
11:20 Feudal Age
14:01 Castle Age
12:26 Stone Mining
13:08 Double-Bit Axe
14:03 Loom
22:41 Wheelbarrow
23:13 Bow Saw
25:43 Hand Cart
25:54 Gold Mining
25:45 Horse Collar
28:59 Heavy Plow
32:46 Imperial Age
32:36 Gold Shaft Mining
33:50 Padded Archer Armor
33:56 Elite Skirmisher
34:38 Fletching
35:30 Scale Mail Armor
36:25 Crop Rotation
36:44 Bodkin Arrow
38:25 Chain Mail Armor
38:14 Bracer
39:34 Leather Archer Armor
40:25 Bloodlines
40:48 Conscription
41:12 Ring Archer Armor
40:56 Light Cavalry
41:50 Forging
42:06 Ballistics
42:47 Chemistry
42:07 Husbandry
41:51 Hussar
42:39 Scale Barding Armor
43:58 Iron Casting
44:02 Pikeman
46:30 Chain Barding Armor
47:11 Blast Furnace
46:50 Halberdier
48:08 Plate Barding Armor
17_Neo_
10:26 Feudal Age
11:59 Wheelbarrow
14:26 Castle Age
12:27 Horse Collar
16:06 Double-Bit Axe
16:24 Heavy Plow
21:10 Fletching
22:12 Ballistics
23:37 Bodkin Arrow
24:26 Bow Saw
24:32 Padded Archer Armor
26:31 Hand Cart
28:09 Leather Archer Armor
34:27 Imperial Age
32:12 Loom
33:12 Forging
34:45 Bloodlines
34:45 Thumb Ring
34:36 Elite Mangudai
35:34 Bracer
36:04 Conscription
37:05 Chemistry
36:25 Scale Barding Armor
36:55 Iron Casting
36:38 Husbandry
37:34 Chain Barding Armor
36:38 Light Cavalry
39:48 Blast Furnace
39:11 Hussar
49:24 Parthian Tactics
RAGNAROK
13:06 Feudal Age
14:22 Wheelbarrow
13:49 Double-Bit Axe
17:12 Castle Age
14:59 Horse Collar
18:05 Loom
36:08 Imperial Age
34:55 Scale Mail Armor
35:05 Forging
36:12 Scale Barding Armor
36:43 Bow Saw
36:56 Bloodlines
37:24 Iron Casting
37:13 Conscription
36:21 Cavalier
40:35 Heavy Plow
42:44 Chain Barding Armor
44:21 Hand Cart
47:21 Crop Rotation
47:53 Two-Man Saw
49:01 Spies/Treason
Connection lost

Rejoining the realm…

Still unreachable

The connection could not be restored.

Session expired

The server has moved on; the page needs a fresh start.